 Dungeon Crawl Stone Soup version 0.30.1-9-gdf580d7c3d (webtiles) character file.

Game seed: 9441246476894271542

63 lonewolfV2 the Shield-Bearer (level 3, -1/29 HPs)
             Began as a Demonspawn Fighter on Oct 23, 2023.
             Slain by a gnoll
             ... wielding a +0 halberd
              (9 damage)
             ... on level 2 of the Dungeon.
             The game lasted 00:02:59 (1905 turns).

lonewolfV2 the Shield-Bearer (Demonspawn Fighter)   Turns: 1905, Time: 00:03:00

Health: -1/29      AC:  6    Str: 18    XL:     3   Next: 89%
Magic:  0/3        EV:  9    Int:  9    God:
Gold:   115        SH:  4    Dex: 12    Spells: 2/2 levels left

rFire   . . .        a - +0 war axe
rCold   . . .        c - +0 buckler
rNeg    . . .        b - +0 scale mail
rPois   .            (no helmet)
rElec   .            (no cloak)
rCorr   .            (no gloves)
SInv    .            (no boots)
Will    .....        e - amulet of guardian spirit Stlth
                     (no ring)
HPRegen 0.24/turn    (no ring)
MPRegen 0.08/turn

%: guardian spirit
@: mighty
A: ignite blood 1
a: no special abilities


You were on level 2 of the Dungeon.
You visited 1 branch of the dungeon, and saw 2 of its levels.

You collected 115 gold pieces.

Inventory:

Hand Weapons
 a - a +0 war axe (weapon)
Armour
 b - a +0 scale mail (worn)
 c - a +0 buckler (worn)
Jewellery
 e - an amulet of guardian spirit (around neck)
Scrolls
 f - a scroll of enchant weapon {unknown}
 g - a scroll of enchant armour {unknown}
 h - a scroll of identify {unknown}
 j - a scroll of torment {unknown}
Potions
 i - 2 potions of cancellation {unknown}


   Skills:
 + Level 3.4 Fighting
 - Level 1.7 Axes
 * Level 3.4 Armour
 * Level 3.4 Shields


You had 2 spell levels left.
You didn't know any spells.
Your spell library contained the following spells:

 Spells                   Type           Power      Damage    Failure   Level
 Sublimation of Blood     Necr           0%         N/A       94%         2
 Wereblood                Tmut           0%         N/A       94%         2
 Summon Hydra             Summ           0%         N/A       100%        7


Dungeon Overview and Level Annotations

Branches:
Dungeon (2/15)

Altars:

Shops:
D:2 =


Innate Abilities, Weirdness & Mutations

Your demonic aura sometimes causes spilled blood to erupt in flames.


Message History

You see here 15 gold pieces.
An endoplasm is nearby!
The endoplasm freezes you.
You are frozen.
You slash the endoplasm!
You kill the endoplasm!
You now have 100 gold pieces (gained 16).
You now have 115 gold pieces (gained 15).
Found a robe.
h - a scroll labelled BODDEU FUXIPOO An adder comes into view.
The adder hisses angrily.
An adder is nearby!
You slash the adder!
The adder is almost dead.
The adder bites you but does no damage. The adder barely misses you.
You hit the adder.
You kill the adder!
You see here an adder corpse.
Found 2 fizzy green potions.
i - 2 fizzy green potions
Found a long sword.
j - a scroll labelled WAUJUETEHO You see here a +0 robe.
Found a club.
You see here a +0 club.
A gnoll comes into view. It is wielding a +0 halberd.
The gnoll shouts!
You hear a shout! x2
A gnoll comes into view. It is wielding a +0 spear.
There are monsters nearby!
A gnoll comes into view. It is wielding a +0 halberd.
The gnoll hits you with a +0 halberd! The gnoll barely misses you.
You completely miss the gnoll. The gnoll hits you with a +0 halberd.
The gnoll hits you from afar with a +0 spear.
The gnoll hits you with a +0 halberd!
* * * LOW HITPOINT WARNING * * *
You block the gnoll's attack.
You feel very mighty all of a sudden. The gnoll hits you with a +0 halberd!
You die...

### ##.## ##)..#
###.###. ###########
#....... ....ggg@..#
#.#.#.#.
##.#.####.#######.##...#
#.........###.##
########### #.# #.#.#
#.# ###. ####.#.# #.#
#.... ..##.#.# #####.##
#.#.# #.##.#.# #.......
#.#.# #.##.#.# #.##..##


You could see 3 gnolls.

Vanquished Creatures
  2 adders (D:2)
  A dart slug (D:1)
  An orc (D:2)
  4 ball pythons
  5 endoplasms
  A giant cockroach (D:1)
  2 hobgoblins (D:1)
  4 jackals (D:1)
  3 kobolds
  A quokka (D:2)
  6 bats
  2 frilled lizards (D:1)
  4 goblins (D:1)
  5 rats
41 creatures vanquished.

Notes
Turn   | Place    | Note
-------+----------+-------------------------------------------
     0 | D:1      | lonewolfV2 the Demonspawn Fighter began the quest for the
                  | Orb.
     0 | D:1      | Reached XP level 1. HP: 18/18 MP: 1/1
   159 | D:1      | Gained mutation: Your demonic aura sometimes causes spilled
                  | blood to erupt in flames. [demonic ancestry]
   159 | D:1      | Reached XP level 2. HP: 24/24 MP: 2/2
   773 | D:1      | Reached XP level 3. HP: 29/29 MP: 3/3
   967 | D:1      | Found a faded altar of an unknown god.
  1651 | D:2      | Found Cetriwk's Jewellery Emporium.
  1905 | D:2      | Slain by a gnoll

Illustrated notes

Levels and vault maps discovered:
D:1:      dpeg_arrival_simpleton_c, layout_basic,
          shapermc_ecumenical_altar_mp_vishouse
D:2:      layout_loops_ring, serial_shops, nicolae_shop_waterfront, st_stairs_14

Skill      XL: |  1  2 |
---------------+-------+-----
Armour         | 3 |  3.4
Shields        | 3 |  3.4
Fighting       | |  3.4
Axes           | |  1.7

Action                     || total
---------------------------++-------
  Melee: War axe           ||    97
    Use: Scroll            ||     3
         Potion            ||     1
 Armour: Scale mail        ||    50
  Dodge: Dodged            ||    66
  Block: Buckler           ||    21
